 Dungeon Crawl Stone Soup version 0.19.1 (webtiles) character file.

163 truemonolith the Cutter (level 5, -1/35 HPs)
             Began as a Halfling Berserker on Nov 28, 2016.
             Was a Believer of Trog.
             Killed by divine providence
             ... invoked by an orc priest
              (13 damage)
             ... on level 3 of the Dungeon.
             The game lasted 00:05:02 (2892 turns).

truemonolith the Cutter (Halfling Berserker)        Turns: 2892, Time: 00:05:03

Health: -1/35      AC: 10    Str: 18    XL:     5   Next: 73%
Magic:  5/5        EV: 10    Int:  5    God:    Trog [**....]
Gold:   123        SH:  0    Dex: 15    Spells: 0 memorised, 4 levels left

rFire  . . .     SeeInvis .     a - +0 short sword
rCold  . . .     Gourm    .     u - +0 chain mail
rNeg   . . .     Faith    .     (shield restricted)
rPois  .         Spirit   .     (no helmet)
rElec  .         Reflect  .     q - +0 cloak
rCorr  .         Harm     .     g - +0 pair of gloves
MR     .....                    (no boots)
Stlth  ..........               (no amulet)
                                (no ring)
                                (no ring)

@: exhausted, very slightly contaminated, slowed, very slow
A: mutation resistance 1
a: Berserk, Trog's Hand, Burn Spellbooks, Renounce Religion


You were on level 3 of the Dungeon.
You worshipped Trog.
Trog was pleased with you.
You were not hungry.

You visited 1 branch of the dungeon, and saw 3 of its levels.

You collected 123 gold pieces.

Inventory:

Hand Weapons
 a - a +0 short sword (weapon)
Armour
 g - a +0 pair of gloves (worn)
 q - a +0 cloak (worn)
 u - a +0 chain mail (worn)
Jewellery
 r - an uncursed ring of magical power
Scrolls
 e - a scroll of fear
 i - a scroll of remove curse
 j - 3 scrolls of amnesia
 m - 4 scrolls of identify
Potions
 f - a potion of berserk rage {unknown}
 l - 2 potions of curing
 p - a potion of might {unknown}
 s - a potion of cancellation {unknown}
 t - a potion of heal wounds {unknown}
Comestibles
 c - 2 bread rations
 h - 5 fruits


   Skills:
 - Level 2.6 Fighting
 + Level 7.2 Short Blades
 - Level 2.1 Armour
 - Level 2.1 Dodging


You had 4 spell levels left.
You didn't know any spells.

Dungeon Overview and Level Annotations

Branches:
Dungeon (3/15)

Altars:
Sif Muna
Zin
The Shining One


Innate Abilities, Weirdness & Mutations

You are small and have problems with some larger weapons.
You are somewhat resistant to further mutation.


Message History

The orc wizard mumbles some strange words.
The orc wizard seems to speed up.
You hit the orc wizard.
The orc wizard is moderately wounded.
The orc wizard gestures wildly while chanting.
The orc wizard blinks!
You hit the orc priest but do no damage.
The orc priest hits you with a flail. The orc priest closely misses you.
The orc wizard barely misses you.
The orc priest invokes the aid of Beogh against you.
Pain shoots through your body!
Unknown command.
The orc wizard gestures at you while chanting.
The magic dart hits you!
The orc wizard points at you and mumbles some strange words.
You feel as though you will be slow longer.
The orc priest mumbles some strange prayers to Beogh against you.
Beogh smites you!
You die...

### # ## #.#.# .#####
####...# .....# #....#.#
.###.##########.##.#.#
.#....).....)[..@..#.# ######
.##############.##.#.# #....#
..................<#.# #.##.#
.#.............o.o.#.# #.##.#
.........###...o...#.###.##.#
...#####.# #.#.#...)......#.#
...# #.# #.#.#.#.##.###.#.#
...# #.# #
#.#.#........#.####
...#####.#
#.#.#............^#


You could see an orc priest and an orc wizard.

Vanquished Creatures
  An orc priest (D:3)
  Natasha (D:3)
  Terence (D:3)
  3 adders
  A worm (D:2)
  2 leopard geckos
  4 bats (D:1)
  4 giant cockroaches
  8 goblins
  7 hobgoblins
  5 jackals (D:3)
  8 kobolds
  2 frilled lizards
  5 rats
52 creatures vanquished.

Notes
Turn   | Place    | Note
-------+----------+-------------------------------------------
     0 | D:1      | truemonolith the Halfling Berserker began the quest for the Orb.
     0 | D:1      | Reached XP level 1. HP: 15/15 MP: 1/1
   192 | D:1      | Reached skill level 4 in Short Blades
   407 | D:1      | Reached XP level 2. HP: 20/20 MP: 2/2
  1173 | D:1      | Reached XP level 3. HP: 25/25 MP: 3/3
  1412 | D:1      | Reached skill level 5 in Short Blades
  1594 | D:2      | Reached ** piety under Trog
  1660 | D:2      | Found a faded altar of an unknown god.
  1755 | D:2      | Found a faded altar of an unknown god.
  1755 | D:2      | Found a faded altar of an unknown god.
  1760 | D:2      | Found a faded altar of an unknown god.
  1762 | D:2      | Found a faded altar of an unknown god.
  1764 | D:2      | Found a glowing golden altar of the Shining One.
  1893 | D:2      | Reached XP level 4. HP: 7/30 MP: 4/4
  2509 | D:3      | Found a deep blue altar of Sif Muna.
  2657 | D:3      | Found a glowing silver altar of Zin.
  2691 | D:3      | Reached skill level 6 in Short Blades
  2761 | D:3      | Noticed Terence
  2770 | D:3      | Killed Terence
  2770 | D:3      | Reached XP level 5. HP: 35/35 MP: 5/5
  2843 | D:3      | Noticed Natasha
  2876 | D:3      | Killed Natasha
  2882 | D:3      | Reached skill level 7 in Short Blades
  2892 | D:3      | Killed from afar by an orc priest

Skill      XL: |  1  2  3  4  5 |
---------------+----------------+-----
Short Blades   | 4 5 6 7 |  7.2
Fighting       | |  2.6
Armour         | |  2.1
Dodging        | |  2.1

Action                   |  1- 3 |  4- 6 || total
-------------------------+-------+-------++-------
Melee: Short sword       |   147 |    95 ||   242
Invok: Berserk           |       |     2 ||     2
  Use: Scroll            |       |     6 ||     6
       Potion            |       |     1 ||     1
  Eat: Bread ration      |     1 |     1 ||     2
       Chunk             |     1 |       ||     1
Armor: Ring mail         |    29 |    17 ||    46
       Chain mail        |       |     7 ||     7
Dodge: Dodged            |    88 |    49 ||   137
